 Dungeon Crawl Stone Soup version 0.20.1-1-g8b1a95d66d (webtiles) character file.

762 NullDivider the Sneak (level 7, -8/46 HPs)
             Began as an Octopode Artificer on Dec 1, 2017.
             Was a Believer of Nemelex Xobeh.
             Killed from afar by Ijyb (10 damage)
             ... with a wand of lightning (?/15)
             ... on level 4 of the Dungeon.
             The game lasted 00:20:51 (3884 turns).

NullDivider the Sneak (Octopode Artificer)          Turns: 3884, Time: 00:20:56

Health: -8/46      AC:  1    Str: 12    XL:     7   Next: 81%
Magic:  10/10      EV: 15    Int: 13    God:    Nemelex Xobeh [**....]
Gold:   178        SH:  0    Dex: 14    Spells: 6/6 levels left

rFire    + . .     SeeInvis .   s - +0 dagger
rCold    + . .     Gourm    .   (no shield)
rNeg     . . .     Faith    .   (helmet restricted)
rPois    .         Spirit   .   g - amulet of regeneration
rElec    .         Reflect  .   m - ring of protection from cold
rCorr    .         Harm     .   k - ring of protection from fire
MR       +....     Clarity  +   t - ring of protection from magic
Stlth    +++++.....             (no ring)
Regen    0.6/turn               (no ring)
MPRegen  0.2/turn               (no ring)
                                (no ring)
                                (no ring)

@: no status effects
A: almost no armour, stealthy swim, amphibious, 8 rings, constrict 8, antennae
1, tentacle spike 1, camouflage 1, clarity, gelatinous body 1
a: Renounce Religion


You were on level 4 of the Dungeon.
You worshipped Nemelex Xobeh.
Nemelex Xobeh was pleased with you.
You were not hungry.

You visited 1 branch of the dungeon, and saw 5 of its levels.

You collected 178 gold pieces.

Inventory:

Hand Weapons
 s - a +0 dagger (weapon)
Jewellery
 g - an amulet of regeneration (around mantle)
 k - a ring of protection from fire (right tentacle)
 m - a ring of protection from cold (left tentacle)
 r - an uncursed amulet of regeneration
 t - a ring of protection from magic (on tentacle)
Wands
 b - a wand of flame (0/48)
 c - a wand of enslavement (15/24)
 d - a wand of random effects (10/48)
Scrolls
 h - a scroll of amnesia {unknown}
 i - 2 scrolls of immolation {unknown}
 j - 4 scrolls of remove curse
 l - 2 scrolls of enchant armour {unknown}
 p - 2 scrolls of identify
 q - 3 scrolls of teleportation
 u - a scroll of fog {unknown}
 B - a scroll of vulnerability {unknown}
 E - 2 scrolls of fear {unknown}
Potions
 e - a potion of might {unknown}
 o - 2 potions of ambrosia {unknown}
 v - a potion of flight {unknown}
 w - 2 potions of invisibility {unknown}
 x - 2 potions of lignification {unknown}
 z - 2 potions of mutation
 A - 2 potions of curing {unknown}
Books
 D - a book of Callings

   Spells                             Type                      Level
   a - Summon Small Mammal            Summoning                    1
   b - Call Imp                       Summoning                    2
   c - Call Canine Familiar           Summoning                    3
   d - Summon Guardian Golem          Hexes/Summoning              3
   e - Summon Lightning Spire         Summoning/Air                4
   f - Summon Ice Beast               Ice/Summoning                4
Comestibles
 a - 4 fruits
 f - 3 bread rations
 n - 2 royal jellies
 C - 12 chunks of flesh


   Skills:
 + Level 3.3 Fighting
 + Level 3.1 Short Blades
 + Level 3.6 Dodging
 * Level 7.4 Stealth
 + Level 5.0 Evocations


You had 6 spell levels left.
You didn't know any spells.

Dungeon Overview and Level Annotations

Branches:
Dungeon (5/15)             Temple (0/1) D:5

Altars:
Cheibriados
Dithmenos
Nemelex Xobeh
Ru

Annotations:
D:4 Ijyb


Innate Abilities, Weirdness & Mutations

You cannot wear most types of armour.
You are very stealthy in the water. (Stealth+)
You are amphibious.
You can wear up to eight rings at the same time.
You can use your tentacles to constrict eight enemies at once.
Your skin changes colour to match your surroundings (Stealth+).
Your rubbery body absorbs attacks. (AC +1, EV +1)
You have a pair of small antennae on your head.
One of your tentacles bears a spike.
You possess an exceptional clarity of mind.


Message History

You miss something.
Some of the chunks of flesh in your inventory have rotted away.
You closely miss something. Your squeeze misses something. Something hits you.
* * * LOW HITPOINT WARNING * * *
You hit something. Something completely misses you.
You closely miss something. You squeeze something. Something hits you!
* * * LOW HITPOINT WARNING * * *
Evoke which item? (* to show all) (? for menu, Esc to quit)
Aiming: Random Effects
Press: ? - help, Shift-Dir - straight line This wand has 10 charges left.
Something hits you.
* * * LOW HITPOINT WARNING * * *
It was a potion of mutation.
You feel extremely strange.
One of your lower tentacles grows a sharp spike.
Your thoughts seem clearer.
A pair of antennae grows on your head!
Ijyb appears from thin air!
Reactivating autopickup.
Ijyb zaps a wand.
The bolt of lightning hits you!
You die...
Your body disappears without a glow.

# #.....###.# #..............
#.#.#..#......#
#.....###......
#.............# #.....#
#...... .......#......#
#.....# #......
...#.....)....#
#.....###...... .
##.....)...# ####....+......
#..##.###########..###......
#..###.######...##..###.#)###
....##....).g@.[.'......)..#
...........####...##.####)###
.......##..# #...##... #.#
.._...# ##.# #...##....###
..... ..# ######....# ....
..# #....# .... .### #....#
.#. . .<### #.


You could see Ijyb.

Vanquished Creatures
  A phantom (D:4)
  2 ogres (D:4)
  The ghost of NullDivider the Charlatan, an amateur OpAr of Nemelex Xobeh (D:3)
  A scorpion (D:4)
  An orc priest (D:4)
  A worker ant (D:4)
  Robin (D:4)
  5 adders
  3 dart slugs
  10 leopard geckos
  12 orcs (D:4)
  4 giant cockroaches
  15 goblins
  10 hobgoblins
  8 jackals
  3 kobolds
  2 quokkas
  6 bats
  4 frilled lizards
  5 rats
95 creatures vanquished.

Vanquished Creatures (collateral kills)
  Sigmund (D:3)
  A worker ant (D:4)
  2 hobgoblins (D:3)
  A quokka (D:3)
5 creatures vanquished.

Vanquished Creatures (others)
  An orc priest (D:4)
1 creature vanquished.

Grand Total: 101 creatures vanquished

Notes
Turn   | Place    | Note
-------+----------+-------------------------------------------
     0 | D:1      | NullDivider the Octopode Artificer began the quest for the Orb.
     0 | D:1      | Reached XP level 1. HP: 13/13 MP: 3/3
   386 | D:1      | Reached skill level 2 in Stealth
   402 | D:1      | Reached XP level 2. HP: 18/18 MP: 4/4
   692 | D:1      | You fall through a shaft!
   901 | D:1      | Reached XP level 3. HP: 23/23 MP: 5/5
  1074 | D:1      | Reached skill level 3 in Stealth
  1359 | D:2      | Found a snail-covered altar of Cheibriados.
  1787 | D:2      | Reached XP level 4. HP: 28/29 MP: 6/6
  1908 | D:2      | Found a sparkling altar of Nemelex Xobeh.
  1912 | D:2      | Became a worshipper of Nemelex Xobeh the Trickster
  2179 | D:2      | Found a sacrificial altar of Ru.
  2181 | D:2      | Received a gift from Nemelex Xobeh
  2539 | D:3      | Noticed NullDivider's ghost (amateur OpAr)
  2542 | D:3      | Killed NullDivider's ghost
  2542 | D:3      | Reached skill level 4 in Stealth
  2542 | D:3      | Reached XP level 5. HP: 34/34 MP: 6/8
  2628 | D:3      | Noticed Sigmund
  2636 | D:3      | Killed Sigmund
  2636 | D:3      | Reached skill level 5 in Stealth
  2636 | D:3      | Reached XP level 6. HP: 35/41 MP: 9/9
  2705 | D:3      | Reached * piety under Nemelex Xobeh
  2713 | D:3      | You fall through a shaft for 2 floors!
  2713 | D:5      | Entered Level 5 of the Dungeon
  2730 | D:5      | Found a staircase to the Ecumenical Temple.
  3038 | D:4      | Noticed Robin
  3056 | D:4      | Killed Robin
  3245 | D:3      | Reached skill level 6 in Stealth
  3614 | D:4      | Reached XP level 7. HP: 45/45 MP: 10/10
  3697 | D:4      | Reached ** piety under Nemelex Xobeh
  3754 | D:4      | Found a shadowy altar of Dithmenos.
  3827 | D:4      | Reached skill level 7 in Stealth
  3840 | D:4      | Reached skill level 5 in Evocations
  3850 | D:4      | Noticed Ijyb
  3883 | D:4      | HP: 1/46 [something (3)]
  3884 | D:4      | Gained mutation: One of your tentacles bears a spike. [potion of mutation]
  3884 | D:4      | Gained mutation: You possess an exceptional clarity of mind. [potion of mutation]
  3884 | D:4      | Gained mutation: You have a pair of small antennae on your head. [potion of mutation]
  3884 | D:4      | Killed from afar by Ijyb

Skill      XL: |  1  2  3  4  5  6  7 |
---------------+----------------------+-----
Stealth        | 2 3 4 5 6 7 |  7.4
Fighting       | 2 3 |  3.3
Evocations     | 4 5 |  5.0
Short Blades   | 2 3 |  3.1
Dodging        | 3 |  3.6

Action                   |  1- 3 |  4- 6 |  7- 9 || total
-------------------------+-------+-------+-------++-------
Melee: Short sword       |    63 |    30 |       ||    93
       Constrict         |    16 |    24 |     9 ||    49
       Tentacles         |     7 |    14 |    13 ||    34
       Dagger            |       |    76 |    62 ||   138
Evoke: Wand              |       |     8 |    12 ||    20
       Deck              |       |     5 |       ||     5
  Use: Scroll            |     1 |     2 |       ||     3
       Potion            |       |       |     1 ||     1
 Stab: Sleeping          |    17 |     6 |     3 ||    26
       Distracted        |       |     1 |       ||     1
  Eat: Chunk             |     2 |     6 |     1 ||     9
Armor: Skin              |     2 |    10 |     1 ||    13
Dodge: Dodged            |    19 |    68 |    24 ||   111
